 Dungeon Sprint DCSS version 0.28-a0-79-g444c7a33f5 (webtiles) character file.

Game seed: 14342808021530925833

1093 Zeldest the Carver (level 8, -13/50 HPs)
             Began as a Vine Stalker Gladiator on Aug 2, 2021.
             Was a Priest of Cheibriados.
             Mangled by a boulder beetle (23 damage)
             ... in the Dungeon (Sprint IX: "|||||||||||||||||||||||||||||").
             The game lasted 00:01:38 (128 turns).

Zeldest the Carver (Vine Stalker Gladiator)          Turns: 128, Time: 00:01:38

Health: -13/50     AC:  6    Str: 26    XL:     8   Next: 31%
Magic:  0/9        EV: 22    Int: 15    God:    Cheibriados [***...]
Gold:   0          SH:  0    Dex: 26    Spells: 7/7 levels left

rFire   . . .      SeeInvis .   l - +2 scimitar (freeze)
rCold   . . .      Faith    .   (no shield)
rNeg    . . .      Spirit   +   b - +0 leather armour
rPois   .          Reflect  .   c - +0 helmet
rElec   .          Harm     .   (no cloak)
rCorr   .          Rampage  .   m - +0 pair of gloves
Will    +....      NoTele   +   n - +0 pair of boots
Stlth   ++........              (no amulet)
HPRegen 1.16/turn               p - +2 ring of evasion
MPRegen 0.11/turn               o - +3 ring of strength

@: very slightly contaminated, very slow
A: fangs 3, regeneration 1, magic shield, antimagic bite, no potion heal 2
a: Renounce Religion, Bend Time, Temporal Distortion


You were in the Dungeon.
You worshipped Cheibriados.
Cheibriados was most pleased with you.
You visited 1 branch

Inventory:

Hand Weapons
 a - a +0 long sword
 k - the +2 rapier of the Wheel {spect, Int+3}
   (You found it in the Dungeon)

   When its wielder attacks, the weapon's spirit leaps out and strikes again.
   The spirit shares a part of any damage it takes with its wielder.
   Int:       It affects your intelligence (+3).
 l - a +2 scimitar of freezing (weapon)
Missiles
 d - 3 throwing nets (quivered)
Armour
 b - a +0 leather armour (worn)
 c - a +0 helmet (worn)
 m - a +0 pair of gloves (worn)
 n - a +0 pair of boots (worn)
Jewellery
 o - a +3 ring of strength (right hand)
 p - a +2 ring of evasion (left hand)
Wands
 j - a wand of acid (5)
Scrolls
 h - 2 scrolls of amnesia
 i - 2 scrolls of blinking
Potions
 e - 5 potions of curing
 g - 4 potions of magic


   Skills:
 + Level 9.7 Fighting
 + Level 9.9 Long Blades
 - Level 1.7 Throwing
 + Level 9.1 Dodging


You had 7 spell levels left.
You didn't know any spells.
Your spell library was empty.

Dungeon Overview and Level Annotations

Branches:
Dungeon (1/1)

Altars:
Cheibriados
Dithmenos
Elyvilon
Fedhas
Gozag
Hepliaklqana
Kikubaaqudgha
Makhleb
Nemelex Xobeh
Okawaru
Qazlal
Ru
Sif Muna
Trog
Uskayaw
Vehumet
Wu Jian
Xom
Yredelemnul
Zin
The Shining One
Beogh
Jiyva
Lugonu


Innate Abilities, Weirdness & Mutations

You have razor-sharp teeth.
Your natural rate of healing is unusually fast.
When hurt, damage is shared between your health and your magic reserves.
Your bite disrupts and absorbs the magic of your enemies.
Potions cannot restore your health.


Message History

The bolt of acid hits the boulder beetle!
The boulder beetle is splashed with acid.
The boulder beetle seems to be corroded for longer.
The boulder beetle is heavily wounded.
The bolt of acid hits the death knight!
The death knight is splashed with acid.
The death knight is heavily wounded.
The bolt of acid hits the boulder beetle!
The boulder beetle is splashed with acid!
The boulder beetle seems to be corroded for longer.
The boulder beetle is heavily wounded.
The bolt of acid hits the vampire mosquito!
The vampire mosquito is splashed with acid.
The vampire mosquito is heavily damaged.
You flicker back into view.
The boulder beetle leaps!
The boulder beetle misses you. The death knight closely misses you.
Aiming: Corrosive Bolt
Press: ? - help, Shift-Dir - straight line, f/p - boulder beetle
Aim: a boulder beetle (heavily wounded, covered in acid, 100% to hit)
The bolt of acid hits the boulder beetle!
The boulder beetle is splashed with acid.
The boulder beetle seems to be corroded for longer.
The boulder beetle is severely wounded.
The bolt of acid hits the death knight!
The death knight is splashed with acid.
The death knight seems to be corroded for longer.
The death knight is heavily wounded.
The bolt of acid hits the vampire mosquito!
The vampire mosquito is splashed with acid!
The acid corrodes the vampire mosquito!
You destroy the vampire mosquito!
Cheibriados thoroughly appreciates the change of pace.
Cheibriados raises the support of your attributes as your movement slows. x2
The bolt of acid hits the tengu conjurer!
The tengu conjurer is splashed with acid!
You kill the tengu conjurer!
Cheibriados thoroughly appreciates the change of pace.
You can now warp the flow of time around you.
Cheibriados raises the support of your attributes as your movement slows.
The boulder beetle bites you!!
You die... ▓▓▓▓▓▓▓▓▓▓▓▓▓▓▓▓▓▓▓▓▓▓▓▓ !.)...[..')).B..@Bp○††.+ ▓▓▓▓▓▓▓▓▓▓▓▓▓▓▓▓▓▓▓▓▓▓▓▓

You could see a death knight (corroded) and 2 boulder beetles.

Vanquished Creatures
  A manticore (D)
  A tengu conjurer (D)
  A yak (D)
  A vampire mosquito (D)
  An acid dragon (D)
  An orc warrior (D)
  An ogre (D)
  2 centaurs (D)
  A phantom (D)
  A gnoll sergeant (D)
  A scorpion (D)
  A jelly (D)
  A bat (D)
  2 hobgoblins (D)
  A ball python (D)
  A rat (D)
18 creatures vanquished.

Vanquished Creatures (others)
  An orc wizard (D)
1 creature vanquished.

Grand Total: 19 creatures vanquished

Notes
Turn   | Place    | Note
-------+----------+-------------------------------------------
     0 | D        | Zeldest the Vine Stalker Gladiator began the quest for the
                  | Orb.
     0 | D        | Reached XP level 1. HP: 11/11 MP: 2/2
    19 | D        | Noticed a centaur
    19 | D        | Noticed a jelly
    19 | D        | Noticed an ogre
    19 | D        | Noticed a scorpion
    19 | D        | Noticed a phantom
    26 | D        | Killed a centaur
    27 | D        | Reached skill level 5 in Long Blades
    27 | D        | Reached XP level 2. HP: 5/18 MP: 3/3
    27 | D        | Reached XP level 3. HP: 6/21 MP: 4/4
    27 | D        | Gained mutation: Your natural rate of healing is unusually
                  | fast. [Vine Stalker growth]
    27 | D        | Reached XP level 4. HP: 8/26 MP: 5/5
    28 | D        | Reached skill level 5 in Fighting
    28 | D        | Reached skill level 5 in Dodging
    28 | D        | Reached XP level 5. HP: 10/30 MP: 6/6
    29 | D        | Killed an ogre
    32 | D        | Reached XP level 6. HP: 16/37 MP: 7/7
    41 | D        | Found a snail-covered altar of Cheibriados.
    41 | D        | Found a shadowy altar of Dithmenos.
    41 | D        | Found a white marble altar of Elyvilon.
    41 | D        | Found a blossoming altar of Fedhas.
    41 | D        | Found an opulent altar of Gozag.
    42 | D        | Found a hazy altar of Hepliaklqana.
    43 | D        | Found a viscous altar of Jiyva.
    44 | D        | Found an ancient bone altar of Kikubaaqudgha.
    45 | D        | Became a worshipper of Cheibriados the Contemplative
    46 | D        | Found a corrupted altar of Lugonu.
    47 | D        | Found a burning altar of Makhleb.
    48 | D        | Found a sparkling altar of Nemelex Xobeh.
    49 | D        | Found an iron altar of Okawaru.
    50 | D        | Found a stormy altar of Qazlal.
    51 | D        | Found a sacrificial altar of Ru.
    52 | D        | Found a shimmering blue altar of Sif Muna.
    53 | D        | Found a bloodstained altar of Trog.
    54 | D        | Found a hide-covered altar of Uskayaw.
    55 | D        | Found a radiant altar of Vehumet.
    56 | D        | Found an ornate altar of the Wu Jian Council.
    57 | D        | Found a shimmering altar of Xom.
    58 | D        | Found a basalt altar of Yredelemnul.
    59 | D        | Found a glowing silver altar of Zin.
    60 | D        | Found a glowing golden altar of the Shining One.
    76 | D        | Got the +2 rapier of the Wheel {spect, Int+3}
    98 | D        | Noticed an orc warrior
    98 | D        | Noticed an acid dragon
    98 | D        | Noticed a yak
   110 | D        | Killed an orc warrior
   111 | D        | Reached XP level 7. HP: 12/43 MP: 3/8
   113 | D        | Reached * piety under Cheibriados
   115 | D        | Killed a yak
   118 | D        | Reached ** piety under Cheibriados
   122 | D        | Noticed a boulder beetle
   122 | D        | Noticed a death knight
   122 | D        | Noticed a boulder beetle
   122 | D        | Noticed a tengu conjurer
   122 | D        | Noticed a manticore
   122 | D        | Noticed a vampire mosquito
   126 | D        | Killed a manticore
   127 | D        | Gained mutation: You have razor-sharp teeth. [Vine Stalker
                  | growth]
   127 | D        | Reached XP level 8. HP: 8/50 MP: 1/9
   128 | D        | Killed a tengu conjurer
   128 | D        | Reached *** piety under Cheibriados
   128 | D        | Mangled by a boulder beetle

Illustrated notes

Levels and vault maps discovered:
D:        linesprint [early_d, line_temple, items_1, d_10, items_2, lair_1,
          lair_end, items_3, orc_1, orc_end, items_4, d_15, swamp_1, shoals_1,
          snake_1, spider_1, d_20, vaults_1, items_5, swamp_end, shoals_end,
          snake_end, spider_end, vaults_end, d_27, items_6, zot_1, zot_end,
          crypt_end, forest_end, elf_end, slime_end, tomb_end, abyss_end,
          pan_hell_end]

Skill      XL: |  1  2  3  4  5  6  7 |
---------------+----------------------+-----
Fighting       | 4 5 6 8 9 |  9.7
Long Blades    | 5 7 8 9 |  9.9
Dodging        | 4 5 6 7 9 |  9.1
Throwing       | |  1.7

Action                   |  1- 3 |  4- 6 |  7- 9 || total
-------------------------+-------+-------+-------++-------
Melee: Long sword        |    13 |     9 |       ||    22
       Bite              |     2 |    12 |     4 ||    18
       Scimitar          |       |    10 |     5 ||    15
Evoke: Wand              |       |       |     5 ||     5
  Use: Potion            |     2 |     1 |       ||     3
 Stab: Invisible         |       |     1 |     3 ||     4
Armor: Leather armour    |     5 |       |     1 ||     6
Dodge: Dodged            |    10 |     6 |    10 ||    26
       Rpst.: Long sword |     1 |       |       ||     1
       Scimitar          |       |     3 |     1 ||     4

Table legend: (Time is in decaauts)
 A = Elapsed time spent in this place.
 B = Non-inter-level travel time spent in this place.
 C = Inter-level travel time spent in this place.
 D = Time resting spent in this place.
 E = Time spent auto-exploring this place.
 F = Levels seen in this place.
 G = Mean time per level.
                   A        B        C        D        E       F      G
               +--------+--------+--------+--------+--------+-----+--------+
         Total |    141 |    141 |      0 |      0 |      0 |   1 |  141.0 |
       Dungeon |    141 |    141 |      0 |      0 |      0 |   1 |  141.0 |
               +--------+--------+--------+--------+--------+-----+--------+

Top non-repeatable levels by time:
       D: 141 daAuts
